 Dungeon Crawl Stone Soup version 0.30-a0-924-g0ad0bf95bc (webtiles) character file.

Game seed: 2256798268094904018

98 mandoloar the Digger (level 4, -1/35 HPs)
             Began as a Demigod Earth Elementalist on Mar 22, 2023.
             Killed by divine providence
             ... invoked by an orc priest
              (16 damage)
             ... on level 3 of the Dungeon.
             The game lasted 00:06:44 (2641 turns).

mandoloar the Digger (Demigod Earth Elementalist)   Turns: 2641, Time: 00:06:45

Health: -1/35      AC:  3    Str:  9    XL:     4   Next: 21%
Magic:  16/19      EV: 12    Int: 21    God:
Gold:   100        SH:  0    Dex: 14    Spells: 3/7 levels left

rFire   . . .      SeeInvis .    a - +0 flail
rCold   . . .      Faith    .    (no shield)
rNeg    . . .      Spirit   .    d - +0 robe
rPois   .          Reflect  .    (no helmet)
rElec   .          Rampage  .    c - +0 cloak
rCorr   .                        (no gloves)
Will    .....                    (no boots)
Stlth   ++                       (no amulet)
HPRegen 0.25/turn                m - ring of magical power
MPRegen 0.16/turn                (no ring)

@: no status effects
A: high MP 1, forlorn, divine attributes
a: no special abilities


You were on level 3 of the Dungeon.
You visited 1 branch of the dungeon, and saw 3 of its levels.

You collected 100 gold pieces.

Inventory:

Hand Weapons
 a - a +0 flail (weapon)
Missiles
 f - 35 stones
Armour
 c - a +0 cloak (worn)
 d - a +0 robe (worn)
Jewellery
 m - a ring of magical power (left hand)
Scrolls
 h - a scroll of amnesia {unknown}
 i - a scroll of vulnerability {unknown}
 j - a scroll of acquirement {unknown}
 l - a scroll of identify {unknown}
 o - a scroll of silence {unknown}
 p - a scroll of immolation {unknown}
 q - a scroll of fear {unknown}
 s - a scroll of torment {unknown}
 u - a scroll of summoning {unknown}
Potions
 b - a potion of magic
 e - 2 potions of curing {unknown}
 g - a potion of degeneration {unknown}
 k - 2 potions of haste {unknown}
 n - a potion of attraction {unknown}
 r - a potion of berserk rage {unknown}
 t - a potion of heal wounds {unknown}


   Skills:
 + Level 1.3 Fighting
 + Level 1.3 Armour
 - Level 1.9 Dodging
 - Level 2.0 Stealth
 + Level 2.4 Spellcasting
 - Level 1.1 Transmutations
 + Level 3.3 Earth Magic


You had 3 spell levels left.
You knew the following spells:

 Your Spells              Type           Power      Damage    Failure   Level
a - Sandblast             Erth           32%        2d9       3%          1
b - Stone Arrow           Conj/Erth      18%        3d8       22%         3

Your spell library contained the following spells:

 Spells                   Type           Power      Damage    Failure   Level
 Passwall                 Tmut/Erth      9%         N/A       9%          2
 Petrify                  Tmut/Erth      11%        N/A       50%         4


Dungeon Overview and Level Annotations

Branches:
Dungeon (3/15)

Shops:
D:1 (

Annotations:
D:3 1 transporter, baller8008's ghost, amateur OpFE


Innate Abilities, Weirdness & Mutations

You have an increased reservoir of magic. (+10% MP)
You shall have no god before yourself.
Your divine heritage dramatically boosts your attributes as you level up.


Message History

Okay, then.
Aiming: Sandblast (safe; 3% risk of failure)
Press: ? - help, Q - select action, (/) - cycle Shift-Dir - straight line, f - you
Okay, then.
Throw: 36 stones
Press: ? - help, Shift-Dir - straight line, f - you
Okay, then.
The orc priest shouts!
You hear a shout!
Throw: 36 stones
Press: ? - help, Shift-Dir - straight line, f - orc priest
Aim: an orc priest, wielding a +0 dagger and wearing a +0 ring mail (61% to hit)
You throw a stone. The stone hits the orc priest.
The orc priest is lightly wounded.
You open the door.
The orc priest invokes the aid of Beogh against you.
You barely resist.
There is an open door here.
The blast of sand hits the orc priest.
The orc priest is moderately wounded.
The blast of sand hits the orc priest.
The orc priest is heavily wounded.
The orc priest invokes the aid of Beogh against you.
Beogh smites you!
The orc priest mumbles some strange prayers to Beogh against you.
Pain shoots through your body!
You are too injured to fight recklessly!
You are too injured to fight recklessly!
You hit the orc priest but do no damage.
The orc priest is heavily wounded.
The orc priest barely misses you.
Casting: Sandblast (safe; 3% risk of failure)
Confirm with . or Enter, or press ? or * to list all spells.
Aiming: Sandblast (safe; 3% risk of failure)
Press: ? - help, Shift-Dir - straight line, f/p - orc priest
Aim: an orc priest, wielding a +0 dagger and wearing a +0 ring mail (heavily wounded, 84% to hit)
The blast of sand hits the orc priest but does no damage.
The orc priest is heavily wounded.
The orc priest invokes the aid of Beogh against you.
Beogh smites you!
You die...

...........†...........
............#.#.#.........#
.....####.........#.......#
.....# ##..#.#.#.........#
# .....#
##...............#.# .#####
##.#.#.#...........#
..######
#..................#
..#.....
#....#......#.#.#...
..#O#..
#..###.@o........... ..#WO#
#.. #####'.#.#.#...
..#O.##. #.. #..........
.©#$#..# #>. #..#.#.#...
..#?.... #. #..........
.©#.#..# #.##...##.#
..#..## ... ...# . ..#..#
.#.# ##.# ..#.#..# #.# ...


You could see an orc priest.

Vanquished Creatures
  4 gnolls
  2 adders
  A worm (D:2)
  2 dart slugs
  A ball python (D:1)
  2 endoplasms (D:2)
  3 goblins (D:1)
  8 hobgoblins
  5 kobolds
  A quokka (D:1)
  2 bats
  2 frilled lizards (D:1)
  4 rats
37 creatures vanquished.

Notes
Turn   | Place    | Note
-------+----------+-------------------------------------------
     0 | D:1      | mandoloar the Demigod Earth Elementalist began the quest
                  | for the Orb.
     0 | D:1      | Reached XP level 1. HP: 14/14 MP: 5/5
   297 | D:1      | Reached skill level 1 in Transmutations
   630 | D:1      | Found Xuisoc's Weapon Shoppe.
   642 | D:1      | Reached XP level 2. HP: 20/20 MP: 5/7
  1314 | D:2      | Reached skill level 3 in Earth Magic
  1325 | D:1      | Reached XP level 3. HP: 20/27 MP: 2/8
  1719 | D:2      | Reached skill level 1 in Fighting
  1719 | D:2      | Reached skill level 1 in Armour
  1975 | D:2      | Reached XP level 4. HP: 35/35 MP: 10/10
  2030 | D:2      | Learned a level 3 spell: Stone Arrow
  2408 | D:3      | Noticed baller8008's ghost (amateur OpFE)
  2408 | D:3      | Noticed an ogre
  2409 | D:3      | Found a transporter.
  2411 | D:3      | Noticed an ogre
  2641 | D:3      | Killed from afar by an orc priest

Illustrated notes

Levels and vault maps discovered:
D:1:      elethiomel_arrival_maze, layout_basic, serial_shops,
          nicolae_shop_bloodbath_and_beyond
D:2:      layout_basic, chequers_ecumenical_altar_simple
D:3:      minmay_goblin_kobold_castle, layout_basic, serial_glass,
          glass_columns_b, glass_columns_b, glass_columns_b, glass_columns_a,
          glass_columns_c, glass_columns_a, glass_columns_b, glass_columns_a,
          gammafunk_ghost_smash

Skill      XL: |  1  2  3 |
---------------+----------+-----
Transmutations | 1 |  1.1
Stealth        | 2 |  2.0
Spellcasting   | 2 |  2.4
Earth Magic    | 3 |  3.3
Fighting       | 1 |  1.3
Armour         | 1 |  1.3
Dodging        | |  1.9

Action                     |  1- 3 |  4- 6 || total
---------------------------+-------+-------++-------
  Melee: Flail             |       |     1 ||     1
  Throw: Stone             |       |     3 ||     3
   Cast: Sandblast         |    49 |    12 ||    61
 Armour: Robe              |     4 |       ||     4
  Dodge: Dodged            |    16 |     4 ||    20

Table legend: (Time is in decaauts)
 A = Elapsed time spent in this place.
 B = Non-inter-level travel time spent in this place.
 C = Inter-level travel time spent in this place.
 D = Time resting spent in this place.
 E = Time spent auto-exploring this place.
 F = Levels seen in this place.
 G = Mean time per level.
                   A        B        C        D        E       F      G
               +--------+--------+--------+--------+--------+-----+--------+
         Total |   2673 |   2415 |    258 |    837 |   1236 |   3 |  891.0 |
       Dungeon |   2673 |   2415 |    258 |    837 |   1236 |   3 |  891.0 |
               +--------+--------+--------+--------+--------+-----+--------+

Top non-repeatable levels by time:
     D:1: 1634 daAuts
     D:2: 794 daAuts
     D:3: 244 daAuts
